 Dungeon Crawl Stone Soup version 0.21-a0-414-gba8bdf1 (webtiles) character file.

3800 Ijustatesigmund the Cleaver (level 10, -6/91 HPs)
             Began as a Hill Orc Fighter on Nov 2, 2017.
             Was a Priest of Okawaru.
             Killed from afar by an electric eel (8 damage)
             ... with a bolt of electricity
             ... on level 9 of the Dungeon.
             The game lasted 00:20:24 (9467 turns).

Ijustatesigmund the Cleaver (Hill Orc Fighter)      Turns: 9467, Time: 00:20:24

Health: -6/91      AC: 14    Str: 23    XL:     10   Next: 17%
Magic:  16/16      EV:  9    Int: 11    God:    Okawaru [***...]
Gold:   126        SH: 14    Dex: 13    Spells: 9/9 levels left

rFire    . . .     SeeInvis .   a - +1 war axe
rCold    . . .     Gourm    .   c - +1 shield
rNeg     + . .     Faith    .   q - +5 scale mail of Ytzaol {MR- Str+3 Int+3}
rPois    .         Spirit   .   (no helmet)
rElec    .         Reflect  +   z - +0 cloak
rCorr    .         Harm     .   (no gloves)
MR       .....                  (no boots)
Stlth    ..........             x - +3 amulet of reflection
HPRegen  0.25/turn              o - ring of positive energy
MPRegen  0.15/turn              m - ring of flight

@: no status effects
A: no striking features
a: Heroism, Renounce Religion, Evoke Flight


You were on level 9 of the Dungeon.
You worshipped Okawaru.
Okawaru was most pleased with you.
You were not hungry.

You visited 2 branches of the dungeon, and saw 10 of its levels.

You collected 467 gold pieces.
You spent 341 gold pieces at shops.

Inventory:

Hand Weapons
 a - a +1 war axe (weapon)
 u - the +4 spear "Humnaet" {freeze, +Fly rC+++ Str-4 Int-5}
   (You found it on level 6 of the Dungeon)

   It has been specially enchanted to freeze those struck by it, causing extra
   injury to most foes and up to half again as much damage against particularly
   susceptible opponents.
   It can also slow down cold-blooded creatures.
   It affects your strength (-4).
   It affects your intelligence (-5).
   It renders you almost immune to cold.
   It lets you fly.
Missiles
 B - 2 throwing nets (quivered)
Armour
 b - a +0 chain mail
 c - a +1 shield (worn)
 q - the +5 scale mail of Ytzaol (worn) {MR- Str+3 Int+3}
   (You bought it in a shop on level 6 of the Dungeon)

   It affects your strength (+3).
   It affects your intelligence (+3).
   It affects your resistance to hostile enchantments.
 z - a +0 cloak (worn)
Jewellery
 m - a ring of flight (right hand)
 o - a ring of positive energy (left hand)
 x - a +3 amulet of reflection (around neck)
Wands
 r - a wand of digging (5/24)
Scrolls
 d - a scroll of blinking
 e - 3 scrolls of recharging
 i - 2 scrolls of amnesia
 p - a scroll of identify
 s - 3 scrolls of remove curse
 v - 2 scrolls of magic mapping
 w - a scroll of enchant weapon
 y - a scroll of teleportation
 A - a scroll of immolation
 C - a scroll of enchant armour
Potions
 h - 3 potions of magic
 j - 2 potions of curing
 k - 3 potions of agility
 l - a potion of brilliance
 n - a potion of ambrosia
 t - 3 potions of heal wounds
 E - a potion of haste
Comestibles
 f - 4 bread rations
 g - 6 meat rations
 D - a royal jelly
 F - 2 chunks of flesh


   Skills:
 + Level 9.2 Fighting
 + Level 9.9 Axes
 - Level 7.6 Armour
 + Level 2.4 Dodging
 + Level 4.9 Shields
 + Level 8.1 Invocations


You had 9 spell levels left.
You didn't know any spells.

Dungeon Overview and Level Annotations

Branches:
Dungeon (9/15)             Temple (1/1) D:4
   Lair: D:8-11         Orc: D:9-12

Altars:
Ashenzari
Cheibriados
Dithmenos
Elyvilon
Fedhas
Gozag
Hepliaklqana
Kikubaaqudgha
Makhleb
Nemelex Xobeh
Okawaru
Qazlal
Ru
Sif Muna
Trog
Uskayaw
Vehumet
Wu Jian
Xom
Yredelemnul
Zin
The Shining One

Shops:
D:6 [=(**   D:8 %


Message History

You closely miss the electric eel.
The electric eel is moderately wounded.
You hit the electric eel.
The electric eel is moderately wounded.
You closely miss the electric eel.
The electric eel is moderately wounded.
You barely miss the electric eel.
The electric eel is moderately wounded.
You hit the electric eel.
The electric eel is heavily wounded.
You hit the electric eel.
The electric eel is almost dead.
The electric eel shoots out a bolt of lightning at you!
The bolt of electricity hits you!
* * * LOW HITPOINT WARNING * * *
Your shield and scale mail of Ytzaol prevent you from hitting the electric eel.
The electric eel is almost dead.
The electric eel shoots out a bolt of lightning at you!
The bolt of electricity hits you!
You die...

#.≈≈≈≈≈≈.# ##.≈.≈≈.≈≈##
#..≈≈≈.....# ######
####≈.≈.≈.....####....##
....≈≈≈≈≈..≈............
...≈.≈.≈≈.≈............
####≈≈≈.(..≈......∩.....
....≈.≈....≈............
.....≈;@.∩.≈............
....≈≈≈≈...≈............
....≈≈≈≈≈..≈............
....≈≈≈...≈≈............
####≈≈≈..≈≈≈≈...........
##.≈..≈.≈...#########
..≈≈≈≈..≈..# #######
....≈≈≈...... .......
.......


You could see an electric eel.

Vanquished Creatures
  Joseph (D:7)
  A hippogriff (D:7)
  Sigmund (D:6)
  A yak (D:9)
  Eustachio (D:4)
  Edmund (D:6)
  Duvessa (D:6)
  3 ice beasts
  A black bear (D:6)
  2 orc warriors
  3 ogres
  A wolf (D:9)
  3 centaurs
  Dowan (D:6)
  4 killer bees (D:7)
  3 scorpions
  An electric eel (D:9)
  2 crimson imps
  2 bullfrog skeletons
  2 jellies
  Crazy Yiuf (D:6)
  A centaur skeleton (D:4)
  4 hounds
  6 orc wizards
  4 orc priests
  An iguana (D:5)
  9 worker ants
  A hound skeleton (D:4)
  A worker ant zombie (D:8)
  A gnoll (D:1)
  4 adders
  3 oozes
  A worm (D:3)
  4 dart slugs
  2 leopard geckos
  13 orcs
  10 bats
  4 giant cockroaches
  5 hobgoblins
  7 jackals
  2 quokkas (D:4)
  A ball python (D:2)
  5 frilled lizards
  12 goblins
  7 kobolds
  7 rats
151 creatures vanquished.

Notes
Turn   | Place    | Note
-------+----------+-------------------------------------------
     0 | D:1      | Ijustatesigmund the Hill Orc Fighter began the quest for the Orb.
     0 | D:1      | Reached XP level 1. HP: 19/19 MP: 1/1
     9 | D:1      | Reached XP level 2. HP: 26/26 MP: 2/2
   242 | D:1      | Reached XP level 3. HP: 19/31 MP: 3/3
   578 | D:1      | Reached skill level 5 in Axes
  1015 | D:2      | Reached XP level 4. HP: 35/39 MP: 4/4
  1395 | D:2      | Reached XP level 5. HP: 45/45 MP: 5/5
  1956 | D:2      | Found a blossoming altar of Fedhas.
  2053 | D:3      | Found a snail-covered altar of Cheibriados.
  2548 | D:3      | Reached XP level 6. HP: 11/51 MP: 6/6
  3416 | D:4      | Noticed Eustachio
  3465 | D:4      | Killed Eustachio
  3465 | D:4      | Reached XP level 7. HP: 17/60 MP: 7/7
  4140 | D:4      | Reached skill level 5 in Fighting
  4358 | D:4      | Found a staircase to the Ecumenical Temple.
  4365 | Temple   | Entered the Ecumenical Temple
  4491 | Temple   | Became a worshipper of Warmaster Okawaru
  4765 | D:4      | Reached skill level 5 in Armour
  4765 | D:4      | Reached skill level 1 in Invocations
  5171 | D:5      | Entered Level 5 of the Dungeon
  5197 | D:5      | Found a glowing golden altar of the Shining One.
  5474 | D:5      | Reached XP level 8. HP: 55/70 MP: 9/9
  5639 | D:6      | Noticed Dowan
  5640 | D:6      | Noticed Duvessa
  5644 | D:6      | Killed Dowan
  5658 | D:6      | Killed Duvessa
  5848 | D:6      | Got a crude trident
  5849 | D:6      | Identified the +2 trident of Puacek {flame, SInv} (You found it on level 6 of the Dungeon)
  5858 | D:6      | Got an encrusted spear
  5859 | D:6      | Identified the +4 spear "Humnaet" {freeze, +Fly rC+++ Str-4 Int-5} (You found it on level 6 of the Dungeon)
  5896 | D:6      | Found Livil's General Store.
  5904 | D:6      | Bought a scroll of magic mapping for 38 gold pieces
  5908 | D:6      | Found Xiowo's General Store.
  5909 | D:6      | Found Ynozof's Weapon Shop.
  5925 | D:6      | Bought a scroll of enchant weapon for 105 gold pieces
  5969 | D:6      | Found Zoweab's Jewellery Shop.
  6568 | D:6      | Reached * piety under Okawaru
  6719 | D:6      | Reached skill level 5 in Invocations
  6807 | D:6      | Found an opulent altar of Gozag.
  6850 | D:6      | Found a runed door.
  6854 | D:6      | Noticed Crazy Yiuf
  6865 | D:6      | Killed Crazy Yiuf
  7095 | D:6      | Found Irregite's Antique Armour Shoppe.
  7103 | D:6      | Bought a faintly glowing scale mail for 198 gold pieces
  7115 | D:6      | Identified the +5 scale mail of Ytzaol {MR- Str+3 Int+3} (You bought it in a shop on level 6 of the Dungeon)
  7132 | D:6      | Noticed Sigmund
  7133 | D:6      | Noticed Edmund
  7142 | D:6      | Killed Sigmund
  7142 | D:6      | Reached XP level 9. HP: 70/81 MP: 10/13
  7149 | D:6      | Killed Edmund
  7307 | D:7      | Noticed Joseph
  7324 | D:7      | Killed Joseph
  7594 | D:7      | Reached ** piety under Okawaru
  7668 | D:7      | Reached skill level 1 in Dodging
  7775 | D:7      | Found a glowing golden altar of the Shining One.
  7785 | D:7      | Found a bloodstained altar of Trog.
  8437 | D:7      | Got a thick robe
  8470 | D:6      | Identified the +2 robe "Awoeqaq" {Dex+7} (You found it on level 7 of the Dungeon)
  8953 | D:8      | Found Civennops's Food Shoppe.
  8984 | D:8      | Reached XP level 10. HP: 78/91 MP: 15/15
  9081 | D:8      | Found a white marble altar of Elyvilon.
  9415 | D:9      | Reached *** piety under Okawaru
  9466 | D:9      | HP: 2/91 [electric eel/bolt of electricity (12)]
  9467 | D:9      | Killed from afar by an electric eel

Vault maps used:
D:1:      dpeg_arrival_arbitrary_c, kennysheep_minor_cross,
          minmay_misc_feat_pillars
D:2:      lemuel_crystal_altar, first_bread
D:3:      old_standard_altar
D:4:      minmay_temple_entry_poolview, uniq_eustachio
D:5:      nicolae_tso_carved_into_rock
D:6:      grunt_gozag_breadcrumbs, serial_shops, shop, shop, shop,
          nicolae_shop_stone, nicolae_shop_overgrown_old_shop,
          uniq_crazy_yiuf_cottage, uniq_duvessa, uniq_edmund, uniq_sigmund
D:7:      amethyst_overflow_temple_binary, uniq_joseph
D:8:      lemuel_doored_altar, serial_shops, nicolae_shop_waterfront
D:9:      basic_altar, serial_ice, serial_ice_n, serial_ice_g, serial_ice_e,
          serial_ice_a, serial_ice_j, hangedman_little_slice_of_home
Temple:   nicolae_temple_elliptical

Skill      XL: |  1  2  3  4  5  6  7  8  9 10 |
---------------+-------------------------------+-----
Axes           | 3 4 5 6 8 9 |  9.9
Fighting       | 4 5 7 9 |  9.2
Armour         | 4 5 7 |  7.6
Invocations    | 2 6 7 8 |  8.1
Dodging        | 2 |  2.4
Shields        | 4 |  4.9

Action                   |  1- 3 |  4- 6 |  7- 9 | 10-12 || total
-------------------------+-------+-------+-------+-------++-------
Melee: War axe           |    78 |   197 |   319 |    67 ||   661
Invok: Heroism           |       |       |     1 |     1 ||     2
  Use: Scroll            |     5 |     7 |     8 |     1 ||    21
       Potion            |       |     5 |     2 |       ||     7
  Eat: Chunk             |       |     5 |    10 |     1 ||    16
       Bread ration      |       |     1 |       |       ||     1
       Meat ration       |       |       |     1 |       ||     1
       Royal jelly       |       |       |     1 |       ||     1
Armor: Scale mail        |    36 |    81 |    83 |    16 ||   216
       Chain mail        |       |       |    22 |       ||    22
Dodge: Dodged            |    18 |    69 |    61 |    19 ||   167
Block: Shield            |    38 |   137 |   172 |    20 ||   367
       Reflection        |       |       |     2 |       ||     2

Table legend:
 A = Spawn XP
 B = Non-spawn XP
 C = Spawn XP percentage of total XP
 D = Spawn monster count
 E = Non-spawn monster count
 F = Spawn count percentage of total count
 G = Total turns spent on level
                    A         B        C        D         E        F      G
               +---------+---------+-------+---------+---------+-------+---------
         Total |       0 |    5429 |   0.0 |       0 |     151 |   0.0 |  9467
               +---------+---------+-------+---------+---------+-------+---------
           D:1 |       0 |      59 |   0.0 |       0 |      22 |   0.0 |  1161
           D:2 |       0 |     133 |   0.0 |       0 |      24 |   0.0 |   861
           D:3 |       0 |     132 |   0.0 |       0 |      20 |   0.0 |  1206
           D:4 |       0 |     738 |   0.0 |       0 |      14 |   0.0 |  1788
           D:5 |       0 |     191 |   0.0 |       0 |       4 |   0.0 |   462
           D:6 |       0 |    1536 |   0.0 |       0 |      24 |   0.0 |  1436
           D:7 |       0 |    1457 |   0.0 |       0 |      21 |   0.0 |  1573
           D:8 |       0 |     584 |   0.0 |       0 |      15 |   0.0 |   727
           D:9 |       0 |     599 |   0.0 |       0 |       7 |   0.0 |    98
               +---------+---------+-------+---------+---------+-------+---------
